Map: Frozen Temple

Players

JaTi

  • Race: Zerg Zerg
  • League: Gold

Blechfaust - Winner!

  • Race: Terran Terran
  • League: Gold

VOD

Have the link to the VOD?

Description

Time

  • Played on: April 9, 2016, 2:59 p.m.
  • Length: 8:00
Show
View Real Time Build Order
Export as new Build Order

JaTi Zerg 

Build Orders: Hatch First 

Get SALT Encoding   

  12  0:01  Drone  
  13  0:12  Overlord  
  13  0:17  Drone  
  14  0:30  Drone  
  14  0:31  Drone  
  14  0:34  Drone  
  17  0:56  Hatchery  
  16  0:58  Drone  
  16  1:00  Drone  
  18  1:10  Drone  
  18  1:11  Extractor  
  18  1:19  Spawning Pool  
  18  1:23  Drone  
  18  1:30  Drone  
  19  1:39  Overlord  
  19  1:51  Drone  
  20  2:09  Zergling x4, Queen  
  20  2:10  Queen  
  20  2:11  Metabolic Boost  
  26  2:16  Drone  
  26  2:19  Drone  
  28  2:24  Drone  
  30  2:37  Drone x2  
  30  2:41  Overlord  
  31  2:46  Drone  
  31  2:48  Queen  
  31  2:50  Queen  
  36  3:00  Drone x2  
  38  3:09  Roach Warren  
  38  3:10  Drone x2  
  39  3:20  Drone x3  
  39  3:21  Drone x2  
  39  3:22  Overlord  
  39  3:26  Overlord  
  44  3:37  Extractor, Drone  
  44  3:38  Extractor  
  43  3:47  Drone x4  
  47  3:49  Drone x4  
  47  3:50  Overlord  
  51  4:29  Roach x4  
  51  4:30  Roach x4  
  51  4:31  Overlord x3  
  67  4:44  Lair  
  67  4:49  Evolution Chamber  
  67  4:50  Hatchery  
  67  4:51  Evolution Chamber  
  64  4:58  Drone x3  
  64  4:59  Drone  
  68  5:15  Overlord  
  68  5:16  Overlord  
  68  5:34  Roach  
  68  5:35  Roach x10  
  90  5:42  Extractor  
  89  6:01  Glial Reconstitution  
  89  6:03  Ravager x2  
  91  6:05  Overlord  
  91  6:06  Overlord  
  92  6:11  Drone x2  
  92  6:12  Drone x5  
  97  6:21  Ravager  
  97  6:22  Ravager  
  97  6:25  Overlord  
  99  6:35  Extractor x2  
  93  6:48  Roach x4  
  93  6:49  Roach x7  
  93  6:51  Zergling x2  
  93  6:52  Zergling x8  
  94  7:03  Roach x3  
  55  7:28  Roach  
  55  7:29  Roach x9  
  69  7:34  Spine Crawler  
  69  7:35  Spine Crawler  
  66  7:38  Spine Crawler  
  66  7:39  Spine Crawler  
Show
View Real Time Build Order
Export as new Build Order

Blechfaust Terran - Winner!

Build Orders: MMM Bio 

Get SALT Encoding   

  12  0:00  SCV  
  13  0:12  SCV  
  14  0:18  Supply Depot  
  14  0:25  SCV  
  15  0:40  Barracks, SCV  
  16  0:45  Refinery  
  16  0:52  SCV  
  17  1:04  SCV  
  17  1:07  Barracks  
  18  1:16  SCV  
  19  1:26  Marine  
  20  1:33  Orbital Command  
  20  1:43  Supply Depot  
  20  1:44  Marine  
  21  1:48  Refinery  
  21  2:01  Engineering Bay  
  21  2:02  SCV  
  22  2:12  Barracks Tech Lab  
  22  2:21  Barracks Reactor  
  22  2:25  SCV  
  22  2:28  Terran Infantry Weapons Level 1  
  23  2:32  Combat Shields  
  23  2:37  SCV  
  23  2:40  Supply Depot  
  24  2:46  Marine  
  24  2:49  SCV  
  26  2:57  Factory  
  26  3:03  Marine x2  
  28  3:06  Marauder  
  30  3:21  Marine x2  
  30  3:26  Supply Depot  
  32  3:28  Marauder  
  34  3:36  Supply Depot  
  34  3:40  Marine x2  
  36  3:43  Starport  
  36  3:52  Marauder, Stimpack  
  38  3:58  Marine x2  
  40  4:14  Marauder  
  40  4:16  Marine x2  
  44  4:22  Missile Turret  
  44  4:23  Terran Infantry Armor Level 1  
  44  4:28  Medivac  
  46  4:33  Marine  
  46  4:34  Marine  
  46  4:37  Marauder  
  50  4:52  Supply Depot  
  50  4:55  Marine x2  
  50  4:58  Medivac  
  54  5:14  Marauder, Marine  
  56  5:15  Marine  
  58  5:28  Medivac  
  60  5:29  Supply Depot  
  60  5:32  Marine x2  
  62  5:44  Supply Depot  
  62  5:51  Marauder, Marine x2  
  66  5:58  Medivac, Supply Depot  
  66  6:03  Concussive Shells  
  68  6:12  Marauder  
  68  6:16  Marine x2  
  72  6:29  Medivac  
  74  6:33  Marauder, Marine x2  
  74  6:37  Supply Depot  
  73  6:55  Marauder  
  73  6:59  Medivac  
  74  7:03  Marine x2  
  72  7:16  Marauder  
  72  7:21  Marine x2  
  76  7:29  Medivac  
  78  7:37  Marauder  
  78  7:38  Marine  
  78  7:39  Marine  
Tags
 
Composition
MMM Bio
League
GoldGold
Matchup
TvZ
Add a new tag
Caveats
  • Supply blocks, unpowered buildings, or Contaminate may cause inaccurate times.
  • Supply counts are checked every 10 seconds.